 Dungeon Crawl Stone Soup version 0.30-a0-34-gbe8da3892a (webtiles) character file.

Game seed: 13727705307489285883

6033 frimble the Carver (level 10, 0/80 HPs)
             Began as a Demonspawn Air Elementalist on Aug 27, 2022.
             Was a Believer of Cheibriados.
             Slain by an orc warrior
             ... wielding a +0 mace
              (8 damage)
             ... on level 10 of the Dungeon.
             The game lasted 00:13:58 (11281 turns).

frimble the Carver (Demonspawn Air Elementalist)   Turns: 11281, Time: 00:13:59

Health: 0/80       AC: 17    Str: 13    XL:     10   Next: 56%
Magic:  12/13      EV: 12    Int: 22    God:    Cheibriados [**....]
Gold:   594        SH:  4    Dex: 20    Spells: 10/13 levels left

rFire   + . .      SeeInvis .    u - +1 long sword (protect)
rCold   . . .      Faith    .    (no shield)
rNeg    . . .      Spirit   .    E - +3 leather armour {rF+}
rPois   .          Reflect  .    J - +1 hat
rElec   .          Harm     .    p - +2 cloak
rCorr   .          Rampage  .    (no gloves)
Will    ++...                    (no boots)
Stlth   ++........               (no amulet)
HPRegen 0.23/turn                H - ring of willpower
MPRegen 0.13/turn                y - ring of willpower

@: brilliant, under a protective aura, slowed, very slow
A: horns 2, large bone plates 1, foul stench 2, powered by pain 2
a: Renounce Religion, Bend Time


You were on level 10 of the Dungeon.
You worshipped Cheibriados.
Cheibriados was pleased with you.
You visited 2 branches of the dungeon, and saw 11 of its levels.
You also visited: Sewer.

You collected 594 gold pieces.

Inventory:

Hand Weapons
 c - a +0 dagger
 j - a +0 short sword
 u - a +1 long sword of protection (weapon)
Missiles
 m - a curare-tipped dart
 P - 6 javelins
Armour
 p - a +2 cloak (worn)
 E - a +3 leather armour of fire resistance (worn)
 F - a +3 leather armour of poison resistance
 J - a +1 hat (worn)
Jewellery
 o - a ring of protection from cold
 r - a ring of protection from cold
 y - a ring of willpower (right hand)
 H - a ring of willpower (left hand)
 I - a ring of protection from fire
 K - a ring of wizardry
Wands
 a - a wand of digging (6)
 C - a wand of iceblast (7)
 O - a wand of flame (16)
Scrolls
 i - 2 scrolls of amnesia
 n - a scroll of enchant armour
 q - 3 scrolls of vulnerability
 v - a scroll of teleportation
 x - 6 scrolls of butterflies
 A - 2 scrolls of silence
 B - a scroll of blinking
 D - a scroll of poison
 N - a scroll of identify
Potions
 b - 4 potions of magic
 d - 3 potions of attraction
 f - a potion of ambrosia
 g - a potion of resistance
 h - 4 potions of might {unknown}
 k - a potion of heal wounds
 l - 6 potions of mutation {unknown}
 s - 3 potions of lignification
 t - a potion of brilliance
 w - a potion of cancellation
 z - a potion of haste {unknown}
 G - a potion of flight
 L - a potion of degeneration {unknown}
 M - a potion of berserk rage {unknown}


   Skills:
 + Level 8.1 Fighting
 - Level 1.2(5.2) Short Blades
 + Level 8.2(8.3) Long Blades
 - Level 2.0 Dodging
 - Level 2.0 Stealth
 - Level 2.1 Spellcasting
 - Level 4.0 Conjurations
 - Level 5.0 Air Magic
 + Level 8.1 Evocations


You had 10 spell levels left.
You knew the following spells:

 Your Spells              Type           Power      Damage    Failure   Level
a - Shock                 Conj/Air       100%       1d9       2%          1
b - Static Discharge      Conj/Air       66%        3-8/arc   4%          2

Your spell library contained the following spells:

 Spells                   Type           Power      Damage    Failure   Level
 Swiftness                Air            36%        N/A       7%          3
 Dazzling Flash           Conj/Hex       32%        N/A       22%         3
 Airstrike                Air            18%        2d(3-19)  22%         4
 Gell's Gravitas          Tloc           3%         N/A       45%         3
 Lesser Beckoning         Tloc           3%         N/A       45%         3
 Teleport Other           Tloc           3%         N/A       45%         3
 Leda's Liquefaction      Hex/Erth       1%         N/A       86%         4
 Silence                  Hex/Air        10%        N/A       86%         5
 Agony                    Necr           3%         N/A       99%         5
 Lee's Rapid Deconstruct  Erth           1%         3d5*      99%         5
 Statue Form              Tmut/Erth      2%         N/A       100%        6


Dungeon Overview and Level Annotations

Branches:
Dungeon (10/15)            Temple (1/1) D:4           Sewer (visited)
   Lair: D:8-11         Orc: D:9-12

Altars:
Ashenzari
Cheibriados
Dithmenos
Fedhas
Gozag
Hepliaklqana
Nemelex Xobeh
Okawaru
Qazlal
Ru
Sif Muna
Trog
Uskayaw
Vehumet
Xom
Yredelemnul

Shops:
D:1 *   D:4 *[   D:7 !![

Annotations:
D:7 2 transporters, Hades's ghost, novice DsAK
D:8 1 runed translucent door, Adrian566's ghost, novice HOMo
D:9 Harold


Innate Abilities, Weirdness & Mutations

You have a pair of horns on your head.
You are partially covered in large bone plates. (SH +4)
You sometimes emit foul miasma when damaged in melee.
You sometimes gain power by taking damage.


Message History

The wraith is severely damaged.
You feel less wooden.
Your +2 cloak unmelds from your body.
Your +1 hat unmelds from your body.
Your +3 leather armour of fire resistance unmelds from your body.
You feel resistant to fire. The wraith hits you but does no damage.
The wraith barely misses you.
Aiming: Iceblast
Press: ? - help, Shift-Dir - straight line The mass of ice explodes!
The iceblast engulfs the wraith!
The wraith partially resists.
The wraith is almost destroyed.
The wraith closely misses you.
Blink to where?
Press: ? - help, Dir - move target
As you read the scroll of blinking, it crumbles to dust.
Aiming: Iceblast
Press: ? - help, Shift-Dir - straight line, f - orc warrior
Aim: an orc warrior, wielding a +0 mace and wearing a +0 chain mail The mass of ice explodes!
The iceblast engulfs the orc warrior!!
The orc warrior is severely wounded.
The iceblast engulfs the wraith!
The wraith partially resists.
You destroy the wraith!
Cheibriados thoroughly appreciates the change of pace.
Aiming: Shock (safe; 2% risk of failure)
Press: ? - help, Q - select action, (/) - cycle Shift-Dir - straight line, f/p - orc warrior
Aim: an orc warrior, wielding a +0 mace and wearing a +0 chain mail (severely wounded, 71% to hit)
You feel a surge of power!
The zap hits the orc warrior.
The orc warrior is severely wounded.
The orc warrior hits you with a +0 mace!
* * * LOW HITPOINT WARNING * * *
You hit the orc warrior but do no damage.
Your weapon exudes an aura of protection.
You headbutt the orc warrior, but do no damage.
The orc warrior is severely wounded.
The orc warrior hits you with a +0 mace.
* * * LOW HITPOINT WARNING * * *
You hit the orc warrior.
The orc warrior is almost dead.
The orc warrior hits you with a +0 mace!
You die...

### ..# ..
#####..###..
#@..........
#o.........#
####...........
#.............#
+..............
#...[)........#
#...†#######...
#.<†.# ..#
#....#


You could see an orc warrior.

Vanquished Creatures
  2 two-headed ogres
  Pikel (D:5)
  A troll (D:9)
  2 hornets
  Grinder (D:3)
  A wraith (D:10)
  A wyvern (D:7)
  3 yaks (D:5)
  Eustachio (D:5)
  A vampire mosquito (D:10)
  Edmund (D:5)
  An orc warrior (D:8)
  2 ice beasts
  2 black bears
  2 sky beasts (D:7)
  3 ogres
  A lemure (D:5)
  A centaur (D:8)
  2 phantoms
  2 bullfrogs
  3 kobold brigands
  A scorpion (D:5)
  A necrophage (D:7)
  3 hounds (D:6)
  A gnoll bouda (D:9)
  4 orc priests
  2 iguanas
  Ijyb (D:3)
  Terence (D:3)
  9 orc wizards
  5 gnolls (D:9)
  12 adders
  4 river rats (Sewer)
  A shadow imp (D:8)
  A white imp (D:7)
  2 ufetubi (D:5)
  3 worms
  5 dart slugs
  25 orcs
  12 ball pythons
  12 endoplasms
  7 giant cockroaches
  6 goblins
  6 hobgoblins
  6 jackals
  4 quokkas
  6 bats
  3 frilled lizards
  21 kobolds
  42 rats
240 creatures vanquished.

Notes
Turn   | Place    | Note
-------+----------+-------------------------------------------
     0 | D:1      | frimble the Demonspawn Air Elementalist began the quest for
                  | the Orb.
     0 | D:1      | Reached XP level 1. HP: 13/13 MP: 3/3
    16 | D:1      | Found Buoxuqi's Assorted Antiques.
   257 | D:1      | Gained mutation: You sometimes gain a little power by
                  | taking damage. [demonic ancestry]
   257 | D:1      | Reached XP level 2. HP: 19/19 MP: 0/5
   911 | D:1      | Gained mutation: You sometimes gain power by taking damage.
                  | [demonic ancestry]
   911 | D:1      | Reached XP level 3. HP: 24/24 MP: 1/6
  1120 | D:1      | Learned a level 2 spell: Static Discharge
  1335 | D:2      | Reached skill level 1 in Short Blades
  1869 | D:2      | Found a faded altar of an unknown god.
  1905 | D:2      | Found a shimmering altar of Xom.
  2193 | D:3      | Gained mutation: You have a pair of small horns on your
                  | head. [demonic ancestry]
  2193 | D:3      | Reached XP level 4. HP: 30/30 MP: 2/7
  2243 | D:3      | Noticed Terence
  2254 | D:3      | Killed Terence
  2460 | D:3      | Reached skill level 1 in Long Blades
  2737 | D:3      | Found a glowing drain.
  2764 | Sewer    | Entered a sewer
  2798 | Sewer    | Gained mutation: You may rarely emit foul miasma when
                  | damaged in melee. [demonic ancestry]
  2798 | Sewer    | Reached XP level 5. HP: 34/35 MP: 6/8
  3117 | Sewer    | Reached XP level 6. HP: 24/41 MP: 3/9
  4158 | D:3      | Noticed Ijyb
  4171 | D:3      | Killed Ijyb
  4286 | D:3      | Noticed Grinder
  4522 | D:4      | Found Tiaq's Armour Shoppe.
  4675 | D:4      | Found Elubusakk's General Store.
  4708 | D:4      | Found a staircase to the Ecumenical Temple.
  4999 | D:4      | Gained mutation: You have a pair of horns on your head.
                  | [demonic ancestry]
  4999 | D:4      | Reached XP level 7. HP: 35/46 MP: 10/10
  5460 | D:5      | Entered Level 5 of the Dungeon
  5500 | D:5      | Reached skill level 1 in Fighting
  5500 | D:5      | Reached skill level 5 in Air Magic
  5500 | D:5      | Reached skill level 1 in Evocations
  5502 | D:5      | Noticed Eustachio
  5867 | D:5      | Noticed Pikel
  5880 | D:5      | Killed Pikel
  5881 | D:5      | Reached XP level 8. HP: 50/58 MP: 3/11
  6172 | D:5      | Reached skill level 5 in Long Blades
  6524 | D:5      | Noticed Edmund
  6540 | D:5      | Killed Edmund
  6671 | D:5      | Killed Eustachio
  6672 | D:5      | Reached skill level 5 in Fighting
  6672 | D:5      | Reached skill level 5 in Evocations
  6672 | D:5      | Gained mutation: You sometimes emit foul miasma when
                  | damaged in melee. [demonic ancestry]
  6672 | D:5      | Reached XP level 9. HP: 68/68 MP: 12/12
  7249 | D:3      | Killed Grinder
  7367 | Temple   | Entered the Ecumenical Temple
  7383 | Temple   | Became a worshipper of Cheibriados the Contemplative
  7794 | D:6      | Found an opulent altar of Gozag.
  8327 | D:7      | Reached * piety under Cheibriados
  8419 | D:7      | Found Lyf Caucevve's Armour Emporium.
  8607 | D:7      | Found a transporter.
  8607 | D:7      | Found a transporter.
  8613 | D:7      | Found Ejiffutz's Distillery.
  8870 | D:7      | Noticed Hades's ghost (novice DsAK)
  8988 | D:7      | Found Mosuma's Distillery.
  8994 | D:7      | Noticed a two-headed ogre
  9011 | D:7      | Killed a two-headed ogre
  9012 | D:7      | Gained mutation: You are partially covered in large bone
                  | plates. (SH +4) [demonic ancestry]
  9012 | D:7      | Reached XP level 10. HP: 30/79 MP: 13/13
  9533 | D:8      | Noticed a two-headed ogre
  9544 | D:8      | Killed a two-headed ogre
  9654 | D:8      | Found a broken altar of Ashenzari.
  9656 | D:8      | Found an iron altar of Okawaru.
  9729 | D:8      | Found a runed translucent door.
  9730 | D:8      | Found a shimmering altar of Xom.
  9730 | D:8      | Noticed Adrian566's ghost (novice HOMo)
  9730 | D:8      | Noticed a +2 short sword of chaos
  9845 | D:8      | Found a hazy altar of Hepliaklqana.
  9943 | D:8      | Found a sparkling altar of Nemelex Xobeh.
 10742 | D:9      | Reached ** piety under Cheibriados
 10989 | D:9      | Noticed Harold
 10993 | D:9      | Noticed a two-headed ogre
 11009 | D:10     | Entered Level 10 of the Dungeon
 11251 | D:10     | HP: 4/120 [wraith (5)]
 11281 | D:10     | Slain by an orc warrior

Illustrated notes

Levels and vault maps discovered:
D:1:      saegor_arrival_simple_a, layout_basic, serial_shops,
          nicolae_diamond_shop
D:2:      layout_rooms, hellmonk_ecumenical_altar_leap_of_faith, basic_altar,
          minivault_26
D:3:      layout_loops_ring, portal_sewer_entry_f, minmay_rat_hole,
          uniq_terence, uniq_grinder, uniq_ijyb
D:4:      layout_basic, temple_statues, serial_shops, shop,
          nicolae_shop_window_shopping
D:5:      layout_loops_cross, hangedman_decor_slide_cut, uniq_eustachio,
          uniq_pikel, uniq_edmund
D:6:      layout_cave_pools, grunt_gozag_breadcrumbs, grunt_ministairs_6,
          minmay_between
D:7:      layout_basic, serial_shops, shop_coins, shop, nicolae_shop_stone,
          nzn_ghost_randoct, minmay_misc_feat_plants
D:8:      layout_gridville, chequers_temple_overflow_statue_of_worship,
          nemelex_diamond_rough_becter, worldfamousw_hep_ancestral_shrine,
          ebering_ghost_xom, hangedman_decor_opposing
D:9:      layout_loops_ring, uniq_maurice, uniq_harold, uniq_erica
D:10:     layout_irregular_city, bloody_makhleb, minmay_misc_feat_columns,
          onia_ninara_cookie
Temple:   compressed_dpeg_triangle_lava_temple

Skill      XL: |  1  2  3  4  5  6  7  8  9 10 |
---------------+-------------------------------+-----
Stealth        | 2 |  2.0
Dodging        | 2 |  2.0
Air Magic      | 3 4 5 |  5.0
Short Blades   | 1 |  1.2
Conjurations   | 2 3 4 |  4.0
Long Blades    | 1 2 3 4 5 7 8 |  8.2
Fighting       | 3 5 7 8 |  8.1
Evocations     | 3 5 7 8 |  8.1
Spellcasting   | |  2.1

Action                   |  1- 3 |  4- 6 |  7- 9 | 10-12 || total
-------------------------+-------+-------+-------+-------++-------
Melee: Dagger            |    38 |       |       |       ||    38
       Short sword       |    83 |       |       |       ||    83
       Punch             |     3 |     1 |     2 |       ||     6
       Long sword        |     2 |   202 |   258 |    82 ||   544
       Headbutt          |       |    24 |    69 |    13 ||   106
 Cast: Shock             |    44 |    20 |    28 |    18 ||   110
       Static Discharge  |     1 |    13 |       |       ||    14
Evoke: Wand              |       |       |    14 |     4 ||    18
  Use: Scroll            |       |     8 |     8 |     7 ||    23
       Potion            |       |     1 |       |     7 ||     8
 Stab: Sleeping          |     2 |     2 |     4 |       ||     8
       Paralysed         |       |       |    29 |       ||    29
Armor: Robe              |    40 |   106 |    20 |       ||   166
       Leather armour    |       |       |   104 |    39 ||   143
       Skin              |       |       |       |    30 ||    30
Dodge: Dodged            |   106 |   170 |   155 |    43 ||   474
Block: Other             |       |       |       |    15 ||    15

Table legend: (Time is in decaauts)
 A = Elapsed time spent in this place.
 B = Non-inter-level travel time spent in this place.
 C = Inter-level travel time spent in this place.
 D = Time resting spent in this place.
 E = Time spent auto-exploring this place.
 F = Levels seen in this place.
 G = Mean time per level.
                   A        B        C        D        E       F      G
               +--------+--------+--------+--------+--------+-----+--------+
         Total |  12284 |  11752 |    532 |    386 |   9447 |  12 | 1023.7 |
       Dungeon |  10965 |  10448 |    517 |    357 |   8478 |  10 | 1096.5 |
        Temple |     23 |      9 |     14 |      0 |      4 |   1 |   23.0 |
         Sewer |   1294 |   1294 |      0 |     29 |    965 |   1 | 1294.0 |
               +--------+--------+--------+--------+--------+-----+--------+

Top non-repeatable levels by time:
     D:7: 1565 daAuts
     D:5: 1467 daAuts
     D:8: 1337 daAuts
     D:3: 1313 daAuts
   Sewer: 1294 daAuts
     D:4: 1249 daAuts
     D:1: 1145 daAuts
     D:2: 1042 daAuts
     D:6: 928 daAuts
     D:9: 616 daAuts
    D:10: 301 daAuts
  Temple: 23 daAuts
